 Dungeon Crawl Stone Soup version 0.32-a0-779-g362cfcae2a (webtiles) character file.

Game seed: 1740098342385831839

65 demenzo the Chopper (level 3, -9/30 (33) HPs)
             Began as a Minotaur Monk on Mar 19, 2024.
             Mangled by a gnoll
             ... wielding a +2 whip of electrocution
              (12 damage)
             ... on level 3 of the Dungeon.
             The game lasted 00:01:39 (1370 turns).

demenzo the Chopper (Minotaur Monk)                 Turns: 1370, Time: 00:01:39

HP:   -9/30 (33)    AC:  7    Str: 17    XL:     3   Next: 92%
MP:   2/2           EV: 11    Int:  7    God:
Gold: 58            SH:  0    Dex: 12    Spells: 2/2 levels left

rFire   . . .        a - +1 dagger (elec)
rCold   . . .        d - orb {light}
rNeg    . . .        f - +0 ring mail
rPois   .            h - +1 hat
rElec   .            (no cloak)
rCorr   .            e - +0 pair of gloves
SInv    .            (no boots)
Will    .....        (no amulet)
Stlth   +            (no ring)
HPRegen 0.25/turn    (no ring)
MPRegen 0.08/turn

%: no passive effects
@: glowing, drained
A: horns 2, retaliatory headbutt
a: no special abilities


You were on level 3 of the Dungeon.
You visited 1 branch of the dungeon, and saw 3 of its levels.

You collected 58 gold pieces.

Inventory:

Hand Weapons
 a - a +1 dagger of electrocution (weapon)
 b - a +0 sling
 j - a +0 hand axe
 m - a +1 dagger of venom
Armour
 d - an orb of light (worn)
 e - a +0 pair of gloves (worn)
 f - a +0 ring mail (worn)
 g - a +0 robe
 h - a +1 hat (worn)
 n - a +0 cloak
Scrolls
 c - a scroll of acquirement {unknown}
 k - a scroll of poison {unknown}
 o - a scroll of identify {unknown}
 p - a scroll of butterflies {unknown}
Potions
 i - a potion of curing {unknown}
 l - 2 potions of attraction {unknown}
 q - a potion of degeneration {unknown}
 x - 2 potions of ambrosia


   Skills:
 + Level 4.2 Fighting
 * Level 1.2 Short Blades
 - Level 4.4 Axes
 + Level 0.9 Armour
 + Level 3.8 Dodging


You had 2 spell levels left.
You didn't know any spells.
Your spell library was empty.

Dungeon Overview and Level Annotations

Branches:
Dungeon (3/15) Zot: 16625

Altars:


Innate Abilities, Weirdness & Mutations

You have a pair of horns on your head.
You reflexively headbutt those who attack you in melee.


Message History

No target in view!
No target in view!
Done exploring.
No target in view!
Done exploring.
No target in view!
Done exploring.
No target in view!
Done exploring.
No target in view!
Done exploring.
No target in view!
Done exploring.
There is a stone staircase leading down here.
You climb downwards.
The gnoll shouts! x3
Found a throwing net, a leather armour and a long sword.
There is a stone staircase leading up here.
There are monsters nearby!
There are monsters nearby!
The gnoll hits you with a +0 whip.
There are monsters nearby!
You barely miss the gnoll. You headbutt the gnoll!
The gnoll is severely wounded.
The gnoll hits you with a +1 flail of draining.
You feel drained. The gnoll hits you with a +0 whip.
There are monsters nearby!
You hit the gnoll.
You kill the gnoll!
The gnoll closely misses you. The gnoll hits you but does no damage.
You feel drained.
You hit the gnoll. You headbutt the gnoll!
The gnoll is almost dead.
The gnoll hits you with a +1 flail of draining!
You feel drained.
* * * LOW HITPOINT WARNING * * *
The gnoll hits you with a +2 whip of electrocution.
* * * LOW HITPOINT WARNING * * *
You are electrocuted!
You die...

######### #
#.......# #.
#.......#
.#.#)......#
#..........#
#.[)g...#
#..g@...#
#..g.<..#
###......#
...r####.#
###.. # ....
r##.. . #..


You could see 3 gnolls and a quokka.

Vanquished Creatures
  A gnoll (D:3)
  2 adders (D:2)
  2 ribbon worms (D:2)
  A dart slug (D:2)
  A ball python (D:1)
  2 endoplasms
  2 giant cockroaches
  5 goblins
  3 hobgoblins (D:1)
  2 quokkas (D:1)
  A bat (D:1)
  3 frilled lizards
  A kobold (D:1)
  3 rats (D:1)
29 creatures vanquished.

Notes
Turn   | Place    | Note
-------+----------+-------------------------------------------
     0 | D:1      | demenzo the Minotaur Monk began the quest for the Orb.
     0 | D:1      | Reached XP level 1. HP: 19/19 MP: 0/0
   240 | D:1      | Reached XP level 2. HP: 27/27 MP: 1/1
   891 | D:2      | Reached XP level 3. HP: 31/33 MP: 2/2
  1126 | D:2      | Reached skill level 1 in Short Blades
  1249 | D:2      | Found a faded altar of an unknown god.
  1370 | D:3      | Mangled by a gnoll

Illustrated notes

Levels and vault maps discovered:
D:1:      dpeg_arrival_shrine, layout_rooms, palyth_stone_intersect
D:2:      layout_loops_ring, hellmonk_ecumenical_altar_zigzags,
          minmay_misc_feat_secret_circle, serial_bayou_pond_c
D:3:      layout_loops_cross, kennysheep_path_1, st_stairs_9

Skill      XL: |  1  2  3 |
---------------+----------+-----
Axes           | 4 |  4.4
Fighting       | 4 |  4.2
Short Blades   | 1 |  1.2
Armour         | |  0.9
Dodging        | |  3.8

Action                     || total
---------------------------++-------
  Melee: Hand axe          ||    24
         Dagger            ||    33
         Headbutt          ||     7
   Fire: Sling             ||    17
 Armour: Ring mail         ||    31
  Dodge: Dodged            ||    31

Table legend: (Time is in decaauts)
 A = Elapsed time spent in this place.
 B = Non-inter-level travel time spent in this place.
 C = Inter-level travel time spent in this place.
 D = Time resting spent in this place.
 E = Time spent auto-exploring this place.
 F = Levels seen in this place.
 G = Mean time per level.
                   A        B        C        D        E       F      G
               +--------+--------+--------+--------+--------+-----+--------+
         Total |   1374 |   1297 |     77 |      0 |   1066 |   3 |  458.0 |
       Dungeon |   1374 |   1297 |     77 |      0 |   1066 |   3 |  458.0 |
               +--------+--------+--------+--------+--------+-----+--------+

Top non-repeatable levels by time:
     D:1: 732 daAuts
     D:2: 638 daAuts
     D:3: 3 daAuts
